 Dungeon Crawl Stone Soup version 0.18-a0-1203-gbde16db (console) character file.

78763 utis the Nimble (level 16, -7/102 HPs)
             Began as a Kobold Wizard on Jan 30, 2016.
             Was the Champion of Okawaru.
             Mangled by Saint Roka
             ... wielding a +0 war axe
              (30 damage)
             ... on level 2 of the Orcish Mines on Jan 31, 2016.
             The game lasted 03:27:15 (44656 turns).

utis the Nimble (Kobold Wizard)                    Turns: 44656, Time: 03:27:15

Health: -7/102     AC: 28    Str: 17    XL:     16   Next: 9%
Magic:  20/26      EV: 33    Int: 20    God:    Okawaru [******]
Gold:   792        SH:  8    Dex: 16    Spells: 9 memorised, 5 levels left

rFire  . . .     SeeInvis +     a - +1 whip (elec)
rCold  . . .     Gourm    .     V - +4 leather armour "Xeofeb" {Str+8 Stlth-}
rNeg   . . .     Faith    +     p - +0 buckler
rPois  +         Spirit   .     v - +2 helmet {SInv}
rElec  .         Dismiss  .     L - +2 cloak
rCorr  .         Reflect  .     o - +1 pair of gloves {archery}
SustAt .         Harm     .     n - +2 pair of boots
MR     +....                    U - amulet of faith {!P}
Stlth  +++.......               S - ring of poison resistance
                                q - +4 ring of evasion

@: icy armour, heroism, repel missiles, somewhat resistant to hostile
enchantments, fairly stealthy
A: carnivore 3, strong 1
a: Heroism, Finesse, Renounce Religion


You were on level 2 of the Orcish Mines.
You worshipped Okawaru.
Okawaru was exalted by your worship.
You were completely stuffed.

You visited 4 branches of the dungeon, and saw 22 of its levels.
You also visited: Labyrinth and Ice Cave.

You collected 1896 gold pieces.
You spent 1104 gold pieces at shops.

Inventory:

Hand Weapons
 a - a +1 whip of electrocution (weapon)
 c - a +0 blowgun
 m - the +10 arbalest "Ogrebane" {freeze, rElec Str+10 Int-3 Dex+8}
   (You found it in a labyrinth)

   It causes projectiles fired from it to freeze those they strike, causing
   extra injury to most foes and up to half again as much damage against
   particularly susceptible opponents.
   They can also slow down cold-blooded creatures.
   It affects your strength (+10).
   It affects your intelligence (-3).
   It affects your dexterity (+8).
   It insulates you from electricity.
 B - a +1 morningstar of protection
Missiles
 u - 81 poisoned needles
 X - 11 curare-tipped needles {=f}
Armour
 n - a +2 pair of boots (worn)
 o - a +1 pair of gloves of archery (worn)
 p - a +0 buckler (worn)
 v - a +2 helmet of see invisible (worn)
 L - a +2 cloak (worn)
 V - the +4 leather armour "Xeofeb" (worn) {Str+8 Stlth-}
   (You found it on level 10 of the Dungeon)

   It affects your strength (+8).
   It makes you less stealthy.
Jewellery
 d - an uncursed ring of ice
 q - a +4 ring of evasion (left hand)
 w - an uncursed ring of protection from fire
 F - an uncursed ring of fire
 H - an uncursed ring of sustain attributes
 N - an uncursed ring of wizardry
 S - a ring of poison resistance (right hand)
 U - an amulet of faith (around neck) {!P}
Wands
 y - a wand of draining (2/15)
 A - a wand of paralysis (8/24)
 M - a wand of flame (23/48)
 P - a wand of digging (1/24)
 R - a wand of confusion (25/48)
 Y - a wand of lightning (10/15)
Scrolls
 f - 9 scrolls of remove curse
 g - a scroll of magic mapping
 x - 2 scrolls of fear {!r}
 T - 3 scrolls of teleportation {!r}
Potions
 e - a potion of resistance
 h - 3 potions of haste
 i - a potion of ambrosia {unknown}
 k - 2 potions of invisibility
 r - 3 potions of might
 t - 4 potions of agility
 I - 3 potions of flight
 J - a potion of heal wounds
 K - 5 potions of curing
 O - 3 potions of brilliance {unknown}
Miscellaneous
 j - a sack of spiders
 l - a lantern of shadows
 G - a piece from Xom's chessboard
 Q - a lantern of shadows
 W - an ornate deck of escape
Comestibles
 b - 14 royal jellies
 s - 7 chunks of flesh
 z - 9 slices of pizza
 C - 6 beef jerkies
 E - 11 meat rations


   Skills:
 + Level 12.3(17.3) Fighting
 - Level 11.0(16.0) Maces & Flails
 - Level 6.8(11.8) Armour
 + Level 13.6(18.6) Dodging
 - Level 2.6(7.6) Stealth
 - Level 7.2(12.2) Shields
 - Level 7.2 Spellcasting
 - Level 5.2 Conjurations
 - Level 10.0 Hexes
 - Level 2.1 Charms
 - Level 1.0 Summonings
 - Level 2.0 Translocations
 - Level 3.1 Fire Magic
 - Level 3.7 Ice Magic
 - Level 3.3 Air Magic
 - Level 1.1 Poison Magic
 - Level 4.0 Invocations
 - Level 4.2 Evocations


You had 5 spell levels left.
You knew the following spells:

 Your Spells              Type           Power        Failure   Level  Hunger
a - Magic Dart            Conj           ####         1%          1    None
b - Call Imp              Summ           ##......     12%         2    None
d - Conjure Flame         Conj/Fire      ###.....     10%         3    #......
e - Freezing Cloud        Conj/Ice/Air   ###.......   100%        6    ######.
o - Ozocubu's Armour      Chrm/Ice       ###.....     12%         3    #......
r - Repel Missiles        Chrm/Air       ###...       6%          2    None
v - Blink                 Tloc           N/A          10%         2    None
C - Mephitic Cloud        Conj/Pois/Air  ###.....     10%         3    #......
Z - Slow                  Hex            #####...     1%          2    None


Dungeon Overview and Level Annotations

Branches:
Dungeon (11/15)            Temple (1/1) D:7            Lair (8/8) D:8
 Shoals (0/4) Lair:6        Snake (0/4) Lair:4        Slime (0/6) Lair:8
    Orc (2/2) D:11
    Elf: Orc:2

Altars:
Ashenzari
Cheibriados
Dithmenos
Elyvilon
Fedhas
Gozag
Kikubaaqudgha
Makhleb
Nemelex Xobeh
Okawaru
Pakellas
Qazlal
Ru
Sif Muna
Trog
Vehumet
Xom
Yredelemnul
Zin
The Shining One
Beogh
Jiyva

Shops:
D:5 :   D:9 *   D:10 [

Annotations:
D:1 exclusion: worm
D:8 1 runed door
Orc:1 exclusion: redback
Orc:2 Saint Roka


Innate Abilities, Weirdness & Mutations

You are small and have problems with some larger weapons.
You are carnivorous and can eat meat at any time.
Your muscles are strong. (Str +2)


Message History

Saint Roka is almost dead.
You hit Saint Roka but do no damage.
Saint Roka is almost dead.
The sheep completely misses you. The orc completely misses you.
You closely miss Saint Roka.
Saint Roka is almost dead.
Your hands slow down.
You barely miss Saint Roka.
Saint Roka is almost dead.
The orc misses you.
Saint Roka invokes the aid of Beogh against you.
Something smites you!
* * * LOW HITPOINT WARNING * * *
You hit Saint Roka but do no damage.
Saint Roka is almost dead.
The sheep completely misses you. The orc hits you but does no damage.
You hit Saint Roka but do no damage.
There is a sudden explosion of sparks!
Saint Roka is almost dead.
You block the orc's attack. Saint Roka hits you with a war axe!!
You die...

.▓......................
........▓..).........▓....
................▓▓........
................▓.....▓...
..........................
.........................
........................▓
▓..............oo...▓..▓
..........[....YK.<....▓
▓..............o....▓.▓▓
.▓)..............▓.▓▓▓▓
➘...............▓▓▓▓
).)............▓▓
▓)............▓▓
▓▓..▓.......▓▓▓
▓▓.........▓▓▓
▓▓........▓.▓▓


You could see Saint Roka, a sheep and 2 orcs.

Vanquished Creatures
  A very ugly thing (D:10)
  Snorg (Orc:2)
  A minotaur (Lab)
  An ogre mage (Orc:1)
  Fannar (D:11)
  4 hydras
  A catoblepas (Lair:7)
  A death yak (Lair:3)
  The ghost of Ijustatesigmund the Warmonger, a novice DsFi of Okawaru (Lair:1)
  A wizard (D:10)
  Pikel (D:7)
  A hill giant (D:11)
  4 orc knights
  8 ugly things
  An orc sorcerer (D:11)
  2 manticores (D:11)
  A griffon (Lair:8)
  14 black mambas
  A gargoyle (D:9)
  Maurice (Orc:2)
  22 spiny frogs
  3 centaur skeletons
  2 fire drakes
  6 komodo dragons
  A minotaur zombie (Lab)
  3 spriggan druids (Lair:7)
  5 trolls
  10 polar bears
  3 two-headed ogres
  2 raiju (Lair:8)
  39 blink frogs
  A slime creature (Lair:8)
  A redback (Lab)
  10 spriggans (Lair:7)
  4 wyverns
  48 yaks
  A human (D:8)
  3 hungry ghosts (Lab)
  3 basilisks
  A hog (D:8)
  12 hippogriffs
  Edmund (D:5)
  Menkaure (D:7)
  28 wolves
  A soldier ant (D:8)
  9 wargs
  4 hell hounds (Lair:8)
  22 water moccasins
  2 sky beasts (D:10)
  16 porcupines
  15 orc warriors
  7 ice beasts
  4 wasps
  13 black bears
  2 phantoms
  A slave (D:7)
  12 ogres
  2 centaurs
  27 crocodiles
  25 giant frogs
  An earth elemental (Lab)
  5 scorpions
  11 killer bees
  An electric eel (D:11)
  3 centaur zombies
  5 crimson imps
  2 jellies
  A quasit (D:9)
  19 hounds
  7 orc priests
  4 giant frog zombies
  9 orc wizards
  2 giant frog skeletons
  14 iguanas
  21 worker ants
  2 hell rats (D:8)
  A killer bee zombie (D:7)
  27 sheep
  3 worker ant zombies
  18 adders
  4 gnolls
  66 river rats
  3 shadow imps
  12 white imps (Lair:3)
  4 oozes (Lair:8)
  An adder skeleton (D:5)
  An adder zombie (D:8)
  2 worms
  6 giant geckos
  67 orcs
  12 bats
  8 giant cockroaches
  7 goblins
  4 hobgoblins (D:2)
  21 jackals
  7 quokkas
  7 ball pythons
  A giant gecko skeleton (D:7)
  5 giant newts
  A jackal zombie (D:5)
  8 kobolds
  10 rats
  A fungus (Lair:8)
  A plant (Lair:8)
834 creatures vanquished.

Vanquished Creatures (collateral kills)
  The ghost of Ijustatesigmund the Basher, a novice DsFi (D:7)
  The ghost of yogakurto the Ducker, a novice CeBe of Trog (D:8)
  A blink frog (Lair:1)
  An ice beast (D:7)
  A scorpion (D:8)
  2 orc wizards
  An adder (D:6)
  2 worms
  2 orcs
  A butterfly (D:8)
13 creatures vanquished.

Vanquished Creatures (others)
  A cyclops (D:9)
  A blink frog (Lair:7)
  A water moccasin (Lair:7)
  A crimson imp (D:11)
  An orc wizard (D:11)
  A bush (Lair:8)
  58 fungi
  28 plants
92 creatures vanquished.

Grand Total: 939 creatures vanquished

Notes
Turn   | Place    | Note
--------------------------------------------------------------
     0 | D:1      | utis the Kobold Wizard began the quest for the Orb.
     0 | D:1      | Reached XP level 1. HP: 10/10 MP: 4/4
    75 | D:1      | Reached skill level 1 in Conjurations
   553 | D:1      | Reached XP level 2. HP: 15/15 MP: 3/6
   580 | D:1      | Learned a level 2 spell: Call Imp
   583 | D:1      | Learned a level 2 spell: Blink
  1400 | D:2      | Reached XP level 3. HP: 19/19 MP: 2/7
  1614 | D:2      | Learned a level 3 spell: Mephitic Cloud
  2236 | D:2      | Found a faded altar to an unknown god.
  2560 | D:2      | Found a glowing silver altar of Zin.
  2767 | D:2      | Reached XP level 4. HP: 24/24 MP: 0/8
  2965 | D:3      | Reached skill level 1 in Air Magic
  3386 | D:3      | Reached skill level 1 in Poison Magic
  3563 | D:3      | Reached XP level 5. HP: 18/28 MP: 1/10
  3807 | D:3      | Learned a level 2 spell: Slow
  4242 | D:3      | Reached skill level 1 in Hexes
  4834 | D:4      | You fall through a shaft for 2 floors!
  4834 | D:6      | Noticed an ice beast
  4864 | D:7      | Reached XP level 6. HP: 12/32 MP: 6/11
  5040 | D:7      | Noticed Ijustatesigmund's ghost (novice DsFi)
  5193 | D:8      | Found a shattered altar of Ashenzari.
  5263 | D:7      | Noticed a slave
  5294 | D:7      | Noticed Menkaure
  5681 | D:8      | Reached skill level 4 in Hexes
  5729 | D:8      | Reached XP level 7. HP: 22/36 MP: 7/12
  5828 | D:8      | Reached skill level 5 in Hexes
  6292 | D:7      | Reached skill level 6 in Hexes
  6631 | D:7      | Killed Menkaure
  6631 | D:7      | Reached XP level 8. HP: 38/41 MP: 5/14
  6636 | D:7      | Learned a level 3 spell: Conjure Flame
  6639 | D:7      | Learned a level 2 spell: Repel Missiles
  7250 | D:7      | Reached skill level 1 in Fire Magic
  7519 | D:8      | Found a sacrificial altar of Ru.
  8031 | D:6      | HP: 1/41 [ice beast (10)]
  8159 | D:6      | Reached skill level 1 in Maces & Flails
  8347 | D:6      | Reached skill level 1 in Fighting
  8853 | D:5      | Entered Level 5 of the Dungeon
  8853 | D:5      | Noticed Edmund
  9385 | D:4      | Reached XP level 9. HP: 46/48 MP: 9/15
 10011 | D:5      | Killed Edmund
 10744 | D:5      | Found a shimmering altar of Xom.
 10953 | D:5      | Found a snail-covered altar of Cheibriados.
 10975 | D:5      | Gained mutation: Your muscles are strong. (Str +2) [potion of beneficial mutation]
 11284 | D:5      | Reached skill level 5 in Maces & Flails
 11383 | D:5      | Found Ozas's Book Shop.
 11437 | D:5      | Found a radiant altar of Vehumet.
 12346 | D:7      | Reached skill level 5 in Dodging
 12389 | D:7      | Found a radiant altar of Vehumet.
 12411 | D:7      | Found a bloodstained altar of Trog.
 12547 | D:7      | Killed Ijustatesigmund's ghost
 12547 | D:7      | Reached XP level 10. HP: 58/58 MP: 5/16
 12706 | D:7      | Found a staircase to the Ecumenical Temple.
 12715 | Temple   | Entered the Ecumenical Temple
 12815 | Temple   | Became a worshipper of Warmaster Okawaru
 12903 | D:7      | Noticed Pikel
 12931 | D:7      | Killed Pikel
 12931 | D:7      | Reached skill level 5 in Fighting
 12931 | D:7      | Reached skill level 7 in Maces & Flails
 13000 | D:8      | Noticed yogakurto's ghost (novice CeBe)
 13245 | D:8      | Killed yogakurto's ghost
 13245 | D:8      | Reached * piety under Okawaru
 13324 | D:8      | Reached ** piety under Okawaru
 13403 | D:8      | Found a runed door.
 13419 | D:8      | Found a runed door.
 13495 | D:8      | Reached skill level 8 in Maces & Flails
 13908 | D:8      | Found a glowing golden altar of the Shining One.
 14148 | D:8      | Found an ancient bone altar of Kikubaaqudgha.
 14171 | D:8      | Found a staircase to the Lair.
 14248 | D:8      | Reached XP level 11. HP: 47/66 MP: 8/17
 14710 | D:8      | Reached *** piety under Okawaru
 14710 | D:8      | Reached skill level 9 in Maces & Flails
 15000 | D:9      | Found Uthrisa's General Store.
 15003 | D:9      | Noticed a cyclops
 15312 | D:9      | Got a polished mace
 15313 | D:9      | Identified the +5 mace "Davuphac" {distort, MR++ Int-4} (You found it on level 9 of the Dungeon)
 15314 | D:9      | fuck
 15409 | D:9      | Found a deep blue altar of Sif Muna.
 15753 | D:9      | Banished a cyclops
 15807 | D:9      | that's just annoying
 15973 | D:9      | Reached **** piety under Okawaru
 16244 | Lair:1   | Entered Level 1 of the Lair of Beasts
 16372 | D:8      | Reached skill level 1 in Evocations
 17256 | Lair:1   | Reached skill level 10 in Maces & Flails
 17293 | Lair:1   | Noticed Ijustatesigmund's ghost (novice DsFi)
 17450 | Lair:1   | Killed Ijustatesigmund's ghost
 17682 | Lair:1   | sigh
 17710 | Lair:1   | Reached ***** piety under Okawaru
 17802 | Lair:1   | Reached skill level 1 in Invocations
 18233 | Lair:1   | Reached XP level 12. HP: 66/73 MP: 18/18
 19518 | Lair:1   | Received a gift from Okawaru
 20051 | Lair:2   | Reached skill level 10 in Dodging
 20879 | Lair:2   | Got a crude ring mail
 20906 | Lair:2   | Reached skill level 11 in Maces & Flails
 21061 | Lair:2   | Identified the +1 ring mail of a Thousand Spirits {+Blink MP+9} (You found it on level 2 of the Lair of Beasts)
 21833 | Lair:3   | Found a frozen archway.
 22008 | IceCv    | Entered an ice cave
 22029 | IceCv    | Reached skill level 1 in Armour
 22546 | Lair:3   | Noticed a death yak
 22552 | Lair:3   | Noticed a death yak
 23074 | Lair:3   | Noticed a seven-headed hydra
 23093 | Lair:3   | Killed a seven-headed hydra
 23218 | Lair:3   | Received a gift from Okawaru
 23241 | Lair:3   | Noticed a death yak
 23314 | Lair:3   | Noticed a death yak
 23378 | Lair:3   | Reached ****** piety under Okawaru
 23391 | Lair:3   | Killed a death yak
 23676 | Lair:3   | Reached skill level 10 in Fighting
 23676 | Lair:3   | Reached XP level 13. HP: 82/82 MP: 18/19
 26375 | Lair:4   | Found a labyrinth entrance.
 26447 | Lab      | Entered a labyrinth
 26850 | Lab      | Reached skill level 12 in Dodging
 26936 | Lab      | Noticed a minotaur
 26946 | Lab      | Killed a minotaur
 27254 | Lab      | Got a shimmering arbalest
 27279 | Lair:4   | Identified the +10 arbalest "Ogrebane" {freeze, rElec Str+10 Int-3 Dex+8} (You found it in a labyrinth)
 27616 | Lair:4   | Reached skill level 5 in Armour
 27916 | Lair:4   | Found a staircase to the Snake Pit.
 28905 | Lair:4   | Received a gift from Okawaru
 28906 | Lair:4   | Got a brightly glowing scale mail {god gift}
 28989 | Lair:4   | Identified the +1 scale mail of Impressiveness {rC+ Regen+ MP+9 Stlth+} (Okawaru gifted it to you on level 4 of the Lair of Beasts)
 29598 | Lair:5   | Noticed an eight-headed hydra
 29613 | Lair:5   | Killed an eight-headed hydra
 30270 | Lair:5   | Reached XP level 14. HP: 80/91 MP: 20/20
 30345 | Lair:5   | Reached skill level 13 in Dodging
 30704 | D:10     | Entered Level 10 of the Dungeon
 31651 | D:10     | Found an oddly glowing altar of Pakellas.
 31686 | D:10     | Noticed a cyan very ugly thing
 31717 | D:10     | Killed a red very ugly thing
 31997 | D:10     | Got a bloodstained leather armour
 32121 | D:10     | Identified the +4 leather armour "Xeofeb" {Str+8 Stlth-} (You found it on level 10 of the Dungeon)
 32155 | D:10     | Found Nufoicw's Antique Armour Emporium.
 32594 | D:11     | Reached skill level 5 in Spellcasting
 32809 | D:11     | Noticed Fannar
 33876 | D:11     | Killed Fannar
 34136 | D:11     | Found a staircase to the Orcish Mines.
 34191 | Orc:1    | Entered Level 1 of the Orcish Mines
 34231 | D:11     | Paralysed by an orc sorcerer for 6 turns
 34262 | D:11     | Received a gift from Okawaru
 35165 | D:5      | Bought a manual of Hexes for 1104 gold pieces
 36064 | Lair:6   | Upgraded the game from 0.18-a0-1197-g8004e50 to 0.18-a0-1202-g796ae12
 36182 | Lair:6   | Found a staircase to the Shoals.
 36977 | Lair:6   | Reached skill level 10 in Hexes
 37055 | Lair:6   | Reached XP level 15. HP: 97/97 MP: 23/25
 37063 | Lair:6   | Learned a level 6 spell: Freezing Cloud
 37129 | Lair:4   | Learned a level 3 spell: Ozocubu's Armour
 37645 | Lair:7   | Reached skill level 1 in Ice Magic
 37710 | Lair:7   | Received a gift from Okawaru
 38511 | Lair:7   | Reached skill level 5 in Conjurations
 38863 | Lair:7   | Reached skill level 1 in Shields
 39506 | Lair:7   | Got a pair of heavily runed boots
 39571 | Lair:7   | Identified the cursed +0 pair of boots of the Pits of Slime {+Inv rN+ MP-9} (You found it on level 7 of the Lair of Beasts)
 39800 | Lair:7   | Upgraded the game from 0.18-a0-1202-g796ae12 to 0.18-a0-1203-gbde16db
 39802 | Lair:8   | Entered Level 8 of the Lair of Beasts
 39872 | Lair:8   | Received a gift from Okawaru
 39875 | Lair:8   | FUCK
 40216 | Lair:8   | Found a runed door.
 40423 | Lair:8   | Reached skill level 5 in Shields
 40627 | Lair:8   | Found a viscous altar of Jiyva.
 41343 | Lair:8   | Reached skill level 1 in Charms
 41705 | Lair:8   | Received a gift from Okawaru
 42181 | Lair:8   | Found a staircase to the Slime Pits.
 42923 | D:11     | Found a roughly hewn altar of Beogh.
 43756 | Orc:1    | Reached XP level 16. HP: 102/102 MP: 26/26
 43942 | Orc:2    | Entered Level 2 of the Orcish Mines
 43942 | Orc:2    | Noticed Maurice
 43963 | Orc:2    | Killed Maurice
 43964 | Orc:2    | Noticed Snorg
 44004 | Orc:2    | Killed Snorg
 44489 | Orc:2    | Noticed Saint Roka
 44656 | Orc:2    | Mangled by Saint Roka

Vault maps used:
D:1:      evilmike_arrival_run_for_it, lemuel_old_faithful
D:2:      lemuel_crystal_altar, ecumenical_altar_2, first_bread,
          serial_aquarium, aquarium_bridge_square, aquarium_bridge_straight,
          aquarium_window_corridor_3, aquarium_window_1, aquarium_view_2e,
          aquarium_view_2e, aquarium_pool_side, grunt_decor_resistance,
          kennysheep_another_room
D:5:      grunt_temple_overflow_open, serial_shops, nicolae_shop_waterfront,
          vehumet_altar_wand_db, uniq_edmund
D:7:      gammafunk_temple_overflow_pools, temple_hall, enter_bailey_7,
          uniq_menkaure, uniq_pikel
D:8:      lemuel_insect_pit, kiku_gazebo_garden_becter,
          nicolae_overflow_crystal_walls, tso_altar, dpeg_lair_monsters,
          basic_altar, grunt_livestock
D:9:      kennysheep_orc_sif_temple, kennysheep_windowed_goal
D:10:     cheibrodos_breeding_chamber, serial_shops, nicolae_shop_waterfront,
          minmay_holes, johnstein_pakellas_dig
D:11:     orc_0_dummy, special_room, amethyst_killhole, minivault_22,
          eino_curves_03, fountainhead, uniq_fannar
Temple:   circular_temple_12
Lair:1:   st_stairs_3, grunt_megastairs_2
Lair:2:   serial_bayou_pond_a, st_stairs_7, infiniplex_staircase_pool_2,
          grunt_megastairs_1, serial_bayou_shore_b, lemuel_fruit_tree
Lair:3:   portal_ice_cave_entry_imps
Lair:4:   minmay_snake_entry_six_corridors, lab_entry_generic,
          minmay_stone_trees_small
Lair:5:   serial_bayou_crossing
Lair:6:   elwin_shoals_entry_rocks, grunt_forest_small_clearings, minivault_24,
          grunt_megastairs_4
Lair:7:   forest_paths
Lair:8:   hangedman_lair_caniforms_friends, slime_altar_2
Orc:1:    nicolae_orc_accident_3
Orc:2:    pf_orc_diabolical, basic_altar, bh_open_orc_temple, uniq_maurice,
          uniq_nessos, uniq_donald, uniq_saint_roka, uniq_snorg
Lab:      labyrinth_hidden_loot, labyrinth_lava_lair, nicolae_lab_arrow,
          lab_fountain, nicolae_lab_quarters, labyrinth_skeletal_remains,
          lab_statue, nicolae_lab_hexagon, nicolae_lab_very_dead_end
IceCv:    ice_cave_small_giant

Action                   |  1- 3 |  4- 6 |  7- 9 | 10-12 | 13-15 | 16-18 || total
-------------------------+-------+-------+-------+-------+-------+-------++-------
Melee: Unarmed           |    11 |       |       |       |       |       ||    11
       Whip              |    25 |     3 |   171 |   870 |  2751 |   199 ||  4019
       Short sword       |       |    72 |   218 |   112 |    32 |       ||   434
       Mace              |       |       |       |    18 |       |       ||    18
       Morningstar       |       |       |       |       |    64 |       ||    64
 Fire: Blowgun           |       |       |     4 |     6 |       |       ||    10
Throw: Stone             |     1 |     8 |     8 |    10 |    14 |       ||    41
       Tomahawk          |       |       |       |       |    56 |     1 ||    57
 Cast: Magic Dart        |    92 |    85 |    12 |    16 |     6 |       ||   211
       Mephitic Cloud    |     2 |     1 |     9 |    26 |    41 |     1 ||    80
       Call Imp          |       |     7 |    28 |    27 |     2 |       ||    64
       Slow              |       |     6 |    92 |   162 |   343 |    15 ||   618
       Conjure Flame     |       |       |     1 |    11 |    73 |       ||    85
       Repel Missiles    |       |       |     1 |     1 |     2 |       ||     4
       Blink             |       |       |       |       |     4 |       ||     4
       Ozocubu's Armour  |       |       |       |       |    26 |     7 ||    33
Invok: Heroism           |       |       |       |     3 |     7 |     1 ||    11
       Finesse           |       |       |       |       |       |     1 ||     1
Evoke: Wand              |       |       |       |       |     2 |       ||     2
  Use: Scroll            |     5 |     6 |     7 |     6 |     7 |       ||    31
       Potion            |       |     4 |     2 |     2 |     2 |     1 ||    11
 Stab: Confused          |     1 |     1 |     2 |    14 |    20 |     2 ||    40
       Sleeping          |       |       |     2 |     2 |     2 |       ||     6
       Distracted        |       |       |       |     3 |       |       ||     3
  Eat: Chunk             |    12 |    12 |    26 |    43 |    73 |     3 ||   169
       Meat ration       |       |       |       |       |     2 |       ||     2
